BSA
ST CHARLES SHEENS @ SO CAL HENVY
08/25/2025
 
TOP OF THE 1ST
St Charles Sheens batting - Pitching for Los Angeles Bruins : RHP Alejandro Méndez
Pitching: RHP Alejandro Méndez
Batting: LHB Bob Ware 0-0: Swinging Strike
0-1: Swinging Strike
0-2: Ground out 4-3 (Groundball, 4)
Batting: LHB Gene Cooper 0-0: Foul Ball, location: 2F
0-1: Ball
1-1: Called Strike
1-2: Ground out 1-3 (Groundball, 13S)
Batting: LHB Juan Jose Rojas 0-0: Foul Ball, location: 2F
0-1: Foul Ball, location: 2F
0-2: Ball
1-2: Foul Ball, location: 2F
1-2: Strikes out swinging
Top of the 1st over - 0 run(s), 0 hit(s), 0 error(s), 0 left on base; St Charles 0 - Los Angeles 0
BOTTOM OF THE 1ST
Los Angeles Bruins batting - Pitching for St Charles Sheens : LHP Ben Moody
Pitching: LHP Ben Moody
Batting: RHB Gregg Nelson 0-0: Called Strike
0-1: Foul Ball, location: 2F
0-2: Foul Ball, location: 2F
0-2: Ground out 6-3 (Groundball, 6M)
Batting: LHB César Valentín 0-0: Called Strike
0-1: Ball
1-1: SINGLE (Line Drive, 89S)
Batting: RHB Rubén Calderón 0-0: Ball
1-0: Ball
2-0: Ball
3-0: Called Strike
3-1: Called Strike
3-2: SINGLE (Groundball, 56D)
César Valentín to second
Batting: SHB Miguel González 0-0: Ball
1-0: Ball
2-0: Foul Ball, location: 2F
2-1: Ball
3-1: Swinging Strike
3-2: Foul Ball, location: 2F
3-2: Foul Ball, location: 2F
3-2: Foul Ball, location: 2F
3-2: Foul Ball, location: 2F
3-2: Ground out 5-3 (Groundball, 6S)
César Valentín to third
Rubén Calderón to second
Batting: RHB Matt Doyle 0-0: Called Strike
0-1: Ground out 4-3 (Groundball, 4)
Bottom of the 1st over - 0 run(s), 2 hit(s), 0 error(s), 2 left on base; St Charles 0 - Los Angeles 0
TOP OF THE 2ND
St Charles Sheens batting - Pitching for Los Angeles Bruins : RHP Alejandro Méndez
Batting: RHB Guo-xiu Choi 0-0: Called Strike
0-1: Ball
1-1: Fly out, F9 (Flyball, 9D)
Batting: LHB Jeff Carter 0-0: Foul Ball, location: 2F
0-1: Ball
1-1: Called Strike
1-2: Ball
2-2: SINGLE (Groundball, 34D)
Batting: RHB Judson Backstrom 0-0: Fly out, F8 (Line Drive, 8LS)
Batting: RHB Kel Pierce 0-0: Foul Ball, location: 2F
0-1: Ball
1-1: Fly out, F9 (Flyball, 89D)
Top of the 2nd over - 0 run(s), 1 hit(s), 0 error(s), 1 left on base; St Charles 0 - Los Angeles 0
BOTTOM OF THE 2ND
Los Angeles Bruins batting - Pitching for St Charles Sheens : LHP Ben Moody
Batting: RHB Morgan Gibbon 0-0: Called Strike
0-1: Ball
1-1: Ball
2-1: Swinging Strike
2-2: Ball
3-2: Fly out, F6 (Popup, 6M)
Batting: LHB José Antonio Santiago 0-0: Called Strike
0-1: Called Strike
0-2: Strikes out swinging
Batting: RHB Cordell Gibson 0-0: Ball
1-0: Foul Ball, location: 2F
1-1: Ball
2-1: Swinging Strike
2-2: Ball
3-2: Base on Balls
Batting: SHB Ray Burgess 0-0: Swinging Strike
0-1: Ground out 1-3 (Groundball, 15S)
Bottom of the 2nd over - 0 run(s), 0 hit(s), 0 error(s), 1 left on base; St Charles 0 - Los Angeles 0
TOP OF THE 3RD
St Charles Sheens batting - Pitching for Los Angeles Bruins : RHP Alejandro Méndez
Batting: LHB Marcos Cantú 0-0: Ball
1-0: Ball
2-0: Fly out, F8 (Flyball, 78M)
Batting: LHB Dave Gray 0-0: Ground out 4-3 (Groundball, 34)
Batting: LHB Bob Ware 0-0: Ball
1-0: Ball
2-0: Ball
3-0: Base on Balls
Batting: LHB Gene Cooper 0-0: Called Strike
0-1: Ball
1-1: Ball
2-1: Ball
3-1: Base on Balls
Bob Ware to second
Batting: LHB Juan Jose Rojas 0-0: Called Strike
0-1: Called Strike
0-2: Ball
1-2: Foul Ball, location: 2F
1-2: Foul Ball, location: 2F
1-2: Fly out, F7 (Line Drive, 78M)
Top of the 3rd over - 0 run(s), 0 hit(s), 0 error(s), 2 left on base; St Charles 0 - Los Angeles 0
BOTTOM OF THE 3RD
Los Angeles Bruins batting - Pitching for St Charles Sheens : LHP Ben Moody
Batting: RHB Gregg Nelson 0-0: Swinging Strike
0-1: Ground out 1-3 (Groundball, 15)
Batting: LHB César Valentín 0-0: Swinging Strike
0-1: Ball
1-1: Foul Ball, location: 2F
1-2: Ground out 3-1 (Groundball, 34)
Batting: RHB Rubén Calderón 0-0: Ball
1-0: Ball
2-0: Ground out 4-3 (Groundball, 34S)
Bottom of the 3rd over - 0 run(s), 0 hit(s), 0 error(s), 0 left on base; St Charles 0 - Los Angeles 0
TOP OF THE 4TH
St Charles Sheens batting - Pitching for Los Angeles Bruins : RHP Alejandro Méndez
Batting: RHB Guo-xiu Choi 0-0: Ball
1-0: Fly out, F9 (Flyball, 89S)
Batting: LHB Jeff Carter 0-0: SINGLE (Flyball, 8RS)
Batting: RHB Judson Backstrom 0-0: Ball
1-0: Called Strike
1-1: Ball
2-1: SINGLE (Line Drive, 9S)
Jeff Carter to second
Batting: RHB Kel Pierce 0-0: Ball
1-0: Ball
2-0: Called Strike
2-1: Foul Ball, location: 2F
2-2: Fly out, F7 (Flyball, 7M)
Batting: LHB Marcos Cantú 0-0: Ball
1-0: Ball
2-0: Called Strike
2-1: Swinging Strike
2-2: Ball
3-2: Fly out, F8 (Flyball, 8LD)
Top of the 4th over - 0 run(s), 2 hit(s), 0 error(s), 2 left on base; St Charles 0 - Los Angeles 0
BOTTOM OF THE 4TH
Los Angeles Bruins batting - Pitching for St Charles Sheens : LHP Ben Moody
Batting: SHB Miguel González 0-0: Ball
1-0: Foul Ball, location: 2F
1-1: Ball
2-1: Ground out 6-3 (Groundball, 6)
Batting: RHB Matt Doyle 0-0: Foul Ball, location: 2F
0-1: Ball
1-1: Swinging Strike
1-2: Strikes out looking
Batting: RHB Morgan Gibbon 0-0: SINGLE (Groundball, 13) (infield hit)
Batting: LHB José Antonio Santiago 0-0: Ball
1-0: Swinging Strike
1-1: Called Strike
1-2: Strikes out looking
Bottom of the 4th over - 0 run(s), 1 hit(s), 0 error(s), 1 left on base; St Charles 0 - Los Angeles 0
TOP OF THE 5TH
St Charles Sheens batting - Pitching for Los Angeles Bruins : RHP Alejandro Méndez
Batting: LHB Dave Gray 0-0: Called Strike
0-1: Ball
1-1: Ground out 6-3 (Groundball, 6M)
Batting: LHB Bob Ware 0-0: Ball
1-0: Ground out 4-3 (Groundball, 4)
Batting: LHB Gene Cooper 0-0: Ground out 3-1 (Groundball, 34S)
Top of the 5th over - 0 run(s), 0 hit(s), 0 error(s), 0 left on base; St Charles 0 - Los Angeles 0
BOTTOM OF THE 5TH
Los Angeles Bruins batting - Pitching for St Charles Sheens : LHP Ben Moody
Batting: RHB Cordell Gibson 0-0: Ball
1-0: Called Strike
1-1: Ground out 1-3 (Groundball, 15)
Batting: SHB Ray Burgess 0-0: SINGLE (Line Drive, 78M)
Batting: RHB Gregg Nelson 0-0: Ball
Wild Pitch!
Ray Burgess to second
1-0: Ball
2-0: DOUBLE (Flyball, 78D)
Ray Burgess scores
Batting: LHB César Valentín 0-0: Foul Ball, location: 2F
0-1: Called Strike
0-2: Foul Ball, location: 2F
0-2: Ball
1-2: Foul Ball, location: 2F
1-2: Foul Ball, location: 2F
1-2: Foul Ball, location: 2F
1-2: Ball
2-2: Foul Ball, location: 2F
2-2: Foul Ball, location: 2F
2-2: TRIPLE (Flyball, 89XD)
Gregg Nelson scores
Batting: RHB Rubén Calderón 0-0: Called Strike
0-1: Foul Ball, location: 2F
0-2: Ball
1-2: Ball
2-2: Strikes out swinging
Batting: SHB Miguel González 0-0: Called Strike
0-1: Ball
1-1: Foul Ball, location: 2F
1-2: Ball
2-2: Ball
3-2: SINGLE (Flyball, 8LS)
César Valentín scores
Batting: RHB Matt Doyle 0-0: Swinging Strike
0-1: Swinging Strike
0-2: Ball
1-2: Strikes out swinging
Bottom of the 5th over - 3 run(s), 4 hit(s), 0 error(s), 1 left on base; St Charles 0 - Los Angeles 3
TOP OF THE 6TH
St Charles Sheens batting - Pitching for Los Angeles Bruins : RHP Alejandro Méndez
Batting: LHB Juan Jose Rojas 0-0: Ball
1-0: Ball
2-0: SINGLE (Line Drive, 7LS)
Batting: RHB Guo-xiu Choi 0-0: Called Strike
0-1: Called Strike
0-2: Ball
1-2: Strikes out looking
Batting: LHB Jeff Carter 0-0: Called Strike
0-1: Foul Ball, location: 2F
0-2: Ball
1-2: Fly out, F9 (Flyball, 9M)
Batting: RHB Judson Backstrom 0-0: Ball
1-0: Foul Ball, location: 2F
1-1: Ground out 5-3 (Groundball, 5)
Top of the 6th over - 0 run(s), 1 hit(s), 0 error(s), 1 left on base; St Charles 0 - Los Angeles 3
BOTTOM OF THE 6TH
Los Angeles Bruins batting - Pitching for St Charles Sheens : LHP Ben Moody
Batting: RHB Morgan Gibbon 0-0: Swinging Strike
0-1: Swinging Strike
0-2: Foul Ball, location: 2F
0-2: Foul Ball, location: 2F
0-2: Foul Ball, location: 2F
0-2: Ball
1-2: Foul Ball, location: 2F
1-2: Ball
2-2: Ball
3-2: Strikes out looking
Batting: LHB José Antonio Santiago 0-0: Ball
1-0: Called Strike
1-1: Ground out 3-1 (Groundball, 34S)
Batting: RHB Cordell Gibson 0-0: Ball
1-0: Ball
2-0: Called Strike
2-1: DOUBLE (Flyball, 9LD)
Pitching: LHP Jacques Lang
Batting: SHB Ray Burgess 0-0: Fly out, F9 (Flyball, 9LM)
Bottom of the 6th over - 0 run(s), 1 hit(s), 0 error(s), 1 left on base; St Charles 0 - Los Angeles 3
TOP OF THE 7TH
St Charles Sheens batting - Pitching for Los Angeles Bruins : RHP Alejandro Méndez
Batting: RHB Kel Pierce 0-0: Ball
1-0: DOUBLE (Line Drive, 7D)
Batting: LHB Marcos Cantú 0-0: Ground out U3 (Groundball, 3)
Kel Pierce to third
Batting: LHB Dave Gray 0-0: Ball
1-0: Foul Ball, location: 2F
1-1: SINGLE (Groundball, 5D)
Kel Pierce scores
Batting: LHB Bob Ware 0-0: SINGLE (Line Drive, 6MD)
Dave Gray to second
Batting: LHB Gene Cooper 0-0: Ball
1-0: Called Strike
1-1: Foul Ball, location: 2F
1-2: Strikes out swinging
Batting: LHB Juan Jose Rojas 0-0: Ball
1-0: Swinging Strike
1-1: Called Strike
1-2: Fly out, F7 (Flyball, 7LS)
Top of the 7th over - 1 run(s), 3 hit(s), 0 error(s), 2 left on base; St Charles 1 - Los Angeles 3
BOTTOM OF THE 7TH
Los Angeles Bruins batting - Pitching for St Charles Sheens : LHP Jacques Lang
Batting: RHB Gregg Nelson 0-0: Called Strike
0-1: Ball
1-1: DOUBLE (Flyball, 78XD)
Batting: LHB César Valentín 0-0: 2-RUN HOME RUN (Flyball, 9D), Distance : 364 ft
Batting: RHB Rubén Calderón 0-0: Foul Ball, location: 2F
0-1: Called Strike
0-2: Foul Ball, location: 2F
0-2: Ball
1-2: Strikes out swinging
Batting: SHB Miguel González 0-0: Swinging Strike
0-1: Foul Ball, location: 2F
0-2: Ball
1-2: Ball
2-2: Ball
3-2: Fly out, F8 (Flyball, 8LXD)
Batting: RHB Matt Doyle 0-0: Swinging Strike
0-1: Swinging Strike
0-2: Foul Ball, location: 2F
0-2: Fly out, F3 (Popup, 3DF)
Bottom of the 7th over - 2 run(s), 2 hit(s), 0 error(s), 0 left on base; St Charles 1 - Los Angeles 5
TOP OF THE 8TH
St Charles Sheens batting - Pitching for Los Angeles Bruins : RHP Alejandro Méndez
Batting: RHB Guo-xiu Choi 0-0: Called Strike
0-1: Ball
1-1: Ball
2-1: Called Strike
2-2: Ball
3-2: Strikes out swinging
Batting: LHB Jeff Carter 0-0: Ball
1-0: Called Strike
1-1: Called Strike
1-2: Strikes out swinging
Batting: RHB Judson Backstrom 0-0: Ball
1-0: Ball
2-0: SINGLE (Flyball, 8LS)
Batting: RHB Kel Pierce 0-0: Ball
1-0: Swinging Strike
1-1: DOUBLE (Line Drive, 8LD)
Judson Backstrom to third
Pitching: RHP António Juárez
Batting: LHB Marcos Cantú 0-0: Ball
1-0: Ball
2-0: Ball
3-0: Base on Balls
Pitching: RHP Jesse Green
Batting: LHB Dave Gray 0-0: Foul Ball, location: 2F
0-1: Ball
1-1: Ball
Wild Pitch!
Judson Backstrom scores
Kel Pierce to third
Marcos Cantú to second
2-1: Foul Ball, location: 2F
2-2: Ball
3-2: Fly out, F8 (Flyball, 8LM)
Top of the 8th over - 1 run(s), 2 hit(s), 0 error(s), 2 left on base; St Charles 2 - Los Angeles 5
BOTTOM OF THE 8TH
Los Angeles Bruins batting - Pitching for St Charles Sheens : LHP Jacques Lang
Pitching: RHP Jean Burrows
Batting: RHB Morgan Gibbon 0-0: Ball
1-0: Called Strike
1-1: Ball
2-1: Foul Ball, location: 2F
2-2: SINGLE (Line Drive, 34D)
Batting: LHB José Antonio Santiago 0-0: Sac Bunt - play at first, batter OUT! 5-3
Morgan Gibbon to second
Batting: RHB Cordell Gibson 0-0: Called Strike
0-1: Foul Ball, location: 2F
0-2: Strikes out swinging
Batting: SHB Ray Burgess 0-0: Foul Ball, location: 2F
0-1: Foul Ball, location: 2F
0-2: Ball
1-2: Ground out U3 (Groundball, 3S)
Bottom of the 8th over - 0 run(s), 1 hit(s), 0 error(s), 1 left on base; St Charles 2 - Los Angeles 5
TOP OF THE 9TH
St Charles Sheens batting - Pitching for Los Angeles Bruins : RHP Jesse Green
Pitching: RHP Joe Cameron
Batting: LHB Bob Ware 0-0: Ground out U3 (Groundball, 3L)
Batting: LHB Gene Cooper 0-0: Called Strike
0-1: Ball
1-1: Called Strike
1-2: Ball
2-2: Ball
3-2: Base on Balls
Batting: LHB Juan Jose Rojas 0-0: Ball
1-0: Ball
2-0: Swinging Strike
2-1: Called Strike
2-2: Foul Ball, location: 2F
2-2: Ground out 5-3 (Groundball, 5S)
Gene Cooper to second
Batting: RHB Guo-xiu Choi 0-0: Foul Ball, location: 2F
0-1: Called Strike
0-2: Ball
1-2: Ball
2-2: Foul Ball, location: 2F
2-2: Foul Ball, location: 2F
2-2: Ball
3-2: Foul Ball, location: 2F
3-2: Base on Balls
Batting: LHB Jeff Carter 0-0: Swinging Strike
0-1: Foul Ball, location: 2F
0-2: Foul Ball, location: 2F
0-2: Foul Ball, location: 2F
0-2: Ball
1-2: Ball
2-2: Fly out, F2 (Popup, 2LF)
Top of the 9th over - 0 run(s), 0 hit(s), 0 error(s), 2 left on base; St Charles 2 - Los Angeles 5
This league is powered by Out of the Park Baseball, the baseball management simulation game for PC, Mac and Linux
Tuesday, August 2nd, 2016 - OOTP Baseball 16.8 Build 38